 Dungeon Crawl Stone Soup version 0.28.0-1-gb440e238dd (webtiles) character file.

Game seed: 2081530232750609760

25 spaghetti the Skirmisher (level 3, 0/42 HPs)
             Began as an Ogre Delver on Feb 20, 2022.
             Slain by an adder (3 damage)
             ... on level 3 of the Dungeon.
             The game lasted 00:01:19 (495 turns).

spaghetti the Skirmisher (Ogre Delver)               Turns: 495, Time: 00:01:19

Health: 0/42       AC:  3    Str: 18    XL:     3   Next: 6%
Magic:  3/3        EV:  9    Int: 11    God:
Gold:   39         SH:  0    Dex: 10    Spells: 1/2 levels left

rFire   . . .      SeeInvis .   a - +0 mace
rCold   . . .      Faith    .   (no shield)
rNeg    . . .      Spirit   .   b - +0 robe
rPois   .          Reflect  .   (helmet restricted)
rElec   .          Harm     .   (no cloak)
rCorr   .          Rampage  .   (gloves unavailable)
Will    .....                   (boots unavailable)
Stlth   ++........              (no amulet)
HPRegen 0.14/turn               (no ring)
MPRegen 0.08/turn               (no ring)

@: hasted, very quick
A: large, unfitting armour, tough skin 1
a: no special abilities


You were on level 3 of the Dungeon.
You visited 1 branch of the dungeon, and saw 4 of its levels.

You collected 39 gold pieces.

Inventory:

Hand Weapons
 a - a +0 mace (weapon)
 d - a +0 hand crossbow
Missiles
 j - 13 stones (quivered)
Armour
 b - a +0 robe (worn)
Jewellery
 h - a ring of positive energy
Wands
 g - a wand of digging (3)
Scrolls
 c - a scroll of fog
 i - a scroll of identify


   Skills:
 + Level 5.4 Fighting
 - Level 1.7 Maces & Flails
 - Level 1.7 Dodging
 - Level 3.7 Stealth
 + Level 0.2 Summonings


You had one spell level left.
You knew the following spells:

 Your Spells              Type           Power      Damage    Failure   Level
a - Summon Small Mammal   Summ           0%         N/A       32%         1

Your spell library contained the following spells:

 Spells                   Type           Power      Damage    Failure   Level
 Animate Skeleton         Necr           0%         N/A       34%         1
 Apportation              Tloc           0%         N/A       34%         1


Dungeon Overview and Level Annotations

Branches:
Dungeon (6/15)
 Temple: D:4-7

Altars:

Annotations:
D:4 Eustachio


Innate Abilities, Weirdness & Mutations

You are too large for most types of armour.
You have tough skin. (AC +1)


Message History

You don't have any unidentified items.
Something hits you.
* * * LOW HITPOINT WARNING * * *
Unknown command.
Unknown command.
Unknown command.
A magic dart appears from out of thin air!
The magic dart hits you.
* * * LOW HITPOINT WARNING * * *
Unknown command.
Okay, then.
You can't see any enemies this would affect, really read the scroll of fear?
As you read the scroll of fear, it crumbles to dust.
You assume a fearsome visage.
Unknown command.
You open the door.
There is an open door here.
You close the door.
You start resting.
An orc wizard is nearby!
Really walk into that teleport trap?
You enter a teleport trap!
The teleport trap disappears.
Your surroundings suddenly seem different.
A kobold, a giant cockroach and a rat come into view.
You open the door.
An orc, a dart slug and an adder come into view.
The orc shouts!
The adder hisses angrily.
You hit the adder.
The adder is lightly wounded.
The adder bites you.
* * * LOW HITPOINT WARNING * * *
The adder bites you.
* * * LOW HITPOINT WARNING * * *
You feel yourself speed up. The adder bites you.
* * * LOW HITPOINT WARNING * * *
The adder bites you but does no damage.
Unknown command.
The kobold throws a stone.
The stone hits you but does no damage. The rat bites you but does no damage.
The adder bites you.
You die...

#.# ... #.# .. #.#
+###. #.# #...# .#.#
+# #...# ..#.# #..
+...###...#.# #...
#......# #.######
#..w#@..K..# #†##...(
#.oS.rB...# #.##.##.
#>##
###############.##.##.
#. ...#
#.....................
#. ...#
#.#.....####.#####.###
... ..# #.#.....# #.#
#.# .... #.# #.#†....#
#.# #.#
....##.#####.#.....#
#.# #.#
#..........#.#.....#
#.# #.#


You could see an adder, an orc, a giant cockroach, a kobold and a rat.

Vanquished Creatures
  A hound skeleton (D:4)
  An adder skeleton (D:4)
  2 orcs (D:3)
  An endoplasm (D:4)
  A giant cockroach (D:3)
  A goblin (D:3)
  A kobold (D:3)
  A rat (D:3)
9 creatures vanquished.

Notes
Turn   | Place    | Note
-------+----------+-------------------------------------------
     0 | D:5      | spaghetti the Ogre Delver began the quest for the Orb.
     0 | D:5      | Reached XP level 1. HP: 24/24 MP: 1/1
     2 | D:6      | Noticed a gnoll sergeant
   136 | D:4      | Reached skill level 5 in Fighting
   136 | D:4      | Reached XP level 2. HP: 28/35 MP: 2/2
   209 | D:4      | Noticed Eustachio
   213 | D:4      | Noticed a crimson imp
   415 | D:3      | Learned a level 1 spell: Summon Small Mammal
   434 | D:3      | Reached XP level 3. HP: 33/42 MP: 3/3
   441 | D:3      | HP: 1/42 [something/magic dart (6)]
   495 | D:3      | Slain by an adder

Illustrated notes

Levels and vault maps discovered:
D:3:      minmay_chambers_of_threes, layout_basic
D:4:      cheibrodos_barr_body, layout_cave_pools, uniq_robin, uniq_eustachio
D:5:      layout_basic
D:6:      layout_loops_ring, minmay_temple_entry_sparse_star,
          nicolae_ossuary_entry_catacombs, minmay_crystal_room,
          minmay_increasing_density, uniq_maggie

Skill      XL: |  1 |
---------------+----+-----
Fighting       | 5 |  5.4
Maces & Flails | |  1.7
Dodging        | |  1.7
Stealth        | |  3.7
Summonings     | |  0.2

Action                   || total
-------------------------++-------
Melee: Mace              ||    34
  Use: Scroll            ||     3
       Potion            ||     1
 Stab: Sleeping          ||     2
Armor: Robe              ||    13
Dodge: Dodged            ||    15
